 Dungeon Crawl Stone Soup version 0.19.1 (webtiles) character file.

206427 JeffiDaFish the Bludgeoner (level 18, -6/119 HPs)
             Began as a Gargoyle Fighter on Dec 11, 2016.
             Was the Champion of Makhleb.
             Killed by the raging water
             ... invoked by a water nymph
              (23 damage)
             ... on level 4 of the Shoals on Dec 12, 2016.
             The game lasted 01:51:34 (30692 turns).

JeffiDaFish the Bludgeoner (Gargoyle Fighter)      Turns: 30692, Time: 01:51:35

Health: -6/119     AC: 42    Str: 29    XL:     18   Next: 71%
Magic:  24/24      EV: 10    Int: 16    God:    Makhleb [******]
Gold:   2036       SH: 17    Dex: 13    Spells: 2 memorised, 14 levels left

rFire  + + .     SeeInvis .     u - +3 eveningstar (holy)
rCold  + + .     Gourm    .     v - +0 plate armour
rNeg   + . .     Faith    .     c - +0 shield
rPois  ∞         Spirit   .     M - +2 helmet
rElec  +         Reflect  +     a - +1 cloak
rCorr  .         Harm     .     B - +2 pair of gloves
MR     +....                    o - +2 pair of boots
Stlth  ..........               w - +2 amulet of reflection
                                e - ring of Muaf {rElec rF++ rC++ Int+4}
                                i - +4 ring of strength

@: flying
A: big wings, clever 1, negative energy resistance 1, regeneration 1,
electricity resistance, strong 1, unbreathing, petrification resistance, rot
immunity, AC +13
a: Stop Flying, Minor Destruction, Lesser Servant of Makhleb, Major Destruction,
Greater Servant of Makhleb, Renounce Religion
}: 1/15 runes: gossamer


You were on level 4 of the Shoals.
You worshipped Makhleb.
Makhleb was exalted by your worship.
You were not hungry.

You visited 5 branches of the dungeon, and saw 30 of its levels.
You visited the Abyss 1 time.
You also visited: Labyrinth and Volcano.

You collected 2499 gold pieces.
You spent 463 gold pieces at shops.

Inventory:

Hand Weapons
 p - a +4 morningstar of flaming
 u - a +3 eveningstar of holy wrath (weapon)
Armour
 a - a +1 cloak (worn)
 c - a +0 shield (worn)
 o - a +2 pair of boots (worn)
 v - a +0 plate armour (worn)
 B - a +2 pair of gloves (worn)
 M - a +2 helmet (worn)
Jewellery
 e - the ring of Muaf (right hand) {rElec rF++ rC++ Int+4}
   (You found it on level 4 of the Spider Nest)

   [ring of intelligence]

   It affects your intelligence (+4).
   It greatly protects you from fire.
   It greatly protects you from cold.
   It insulates you from electricity.
 i - a +4 ring of strength (left hand)
 w - a +2 amulet of reflection (around neck)
Scrolls
 d - 8 scrolls of blinking
 h - 13 scrolls of identify
 l - 8 scrolls of recharging
 m - 6 scrolls of magic mapping
 n - 9 scrolls of remove curse
 r - 7 scrolls of teleportation
 y - 2 scrolls of amnesia
 E - 2 scrolls of fear
Potions
 k - 3 potions of haste
 t - a potion of berserk rage
 z - a potion of magic
 A - 10 potions of curing
 C - a potion of invisibility
 F - 2 potions of brilliance
 G - a potion of resistance
 H - 2 potions of agility
 J - 4 potions of ambrosia
 L - a potion of heal wounds
Books
 g - a book of Power

   Spells                             Type                      Level
   a - Fulminant Prism                Conjuration/Hexes            4
   b - Iskenderun's Mystic Blast      Conjuration                  4
   c - Venom Bolt                     Conjuration/Poison           5
   d - Bolt of Magma                  Conjuration/Fire/Earth       5
   e - Iron Shot                      Conjuration/Earth            6
   f - Orb of Destruction             Conjuration                  7
   g - Spellforged Servitor           Conjuration/Summoning        7
 D - a book of Fire

   Spells                             Type                      Level
   a - Ignite Poison                  Fire/Transmutation/Poison    3
   b - Fireball                       Conjuration/Fire             5
   c - Bolt of Fire                   Conjuration/Fire             6
   d - Delayed Fireball               Conjuration/Fire             7
   e - Ring of Flames                 Charms/Fire                  7
Comestibles
 f - 14 bread rations
 j - 18 meat rations
 q - 14 beef jerkies
 s - 2 fruits
 x - 6 slices of pizza
 I - 7 chunks of flesh


   Skills:
 * Level 15.5 Fighting
 * Level 18.1 Maces & Flails
 * Level 13.8 Armour
 - Level 4.1 Dodging
 - Level 4.0 Stealth
 * Level 17.0 Shields
 + Level 4.5 Spellcasting
 * Level 8.3 Conjurations
 + Level 5.5 Fire Magic


You had 14 spell levels left.
You knew the following spells:

 Your Spells              Type           Power        Failure   Level  Hunger
a - Fireball              Conj/Fire      ####......   98%         5    ######.
b - Orb of Destruction    Conj           ####......   100%        7    #######


Dungeon Overview and Level Annotations

Branches:
Dungeon (15/15)            Temple (1/1) D:7            Lair (6/6) D:8
 Shoals (4/4) Lair:3       Spider (4/4) Lair:2        Slime (0/5) Lair:5
    Orc (0/2) D:11         Vaults (0/5) D:14         Depths (0/5) D:15

Altars:
Ashenzari
Cheibriados
Dithmenos
Gozag
Kikubaaqudgha
Makhleb
Nemelex Xobeh
Sif Muna
Trog
Uskayaw
Xom
Yredelemnul
Zin
The Shining One

Shops:
D:6 [?   D:7 =   D:12 (   D:15 =

Annotations:
D:10 1 runed door


Innate Abilities, Weirdness & Mutations

You are resistant to torment.
Your stone body is resilient. (AC +13)
You are immune to poison.
Your large and strong wings let you fly indefinitely.
You resist negative energy. (rN+)
You are resistant to electric shocks. (rElec)
You can survive without breathing.
You are immune to petrification.
You are immune to rotting.
Your mind is acute. (Int +2)
Your natural rate of healing is unusually fast.
Your muscles are strong. (Str +2)


Message History

The water rises up and strikes you!
The water nymph gestures at you while chanting.
The water rises up and strikes you!
The water nymph gestures at you while chanting.
The water rises up and strikes you!
The water nymph points at you and mumbles some strange words.
The water rises up and strikes you!
The water nymph gestures at you while chanting.
The water rises up and strikes you!
The water nymph points at you and mumbles some strange words.
The water rises up and strikes you!
The water nymph points at you and mumbles some strange words.
The water rises up and strikes you!
The water nymph points at you and mumbles some strange words.
The water rises up and strikes you!
* * * LOW HITPOINT WARNING * * *
Your magical contamination has completely faded away.
The water nymph gestures at you while chanting.
The water rises up and strikes you!
You die...

#≈≈≈≈≈≈≈≈≈≈≈≈≈≈≈≈≈
#≈≈≈≈≈≈≈≈≈≈≈≈≈≈≈≈≈
#≈≈≈≈≈≈≈≈≈≈≈≈≈≈≈≈≈
#≈≈≈≈≈≈≈≈≈≈≈≈≈≈≈≈≈
#≈≈≈≈≈≈≈≈≈≈≈≈≈≈≈≈≈
#≈≈≈≈≈≈≈≈≈≈≈≈≈≈≈≈≈
#≈≈≈≈≈≈≈≈≈≈≈≈≈≈≈≈≈
#≈≈≈≈≈≈≈≈≈≈≈≈≈≈≈≈≈
#@≈≈≈≈m≈≈≈≈≈≈≈≈≈≈≈
#≈≈≈≈≈k≈≈≈≈≈≈≈≈≈≈
#≈≈≈≈≈≈≈≈≈≈≈≈≈≈≈≈
#≈≈≈≈≈≈≈≈≈≈≈≈≈≈≈≈
#≈≈≈≈≈≈≈≈≈≈≈≈≈≈≈.
#≈≈≈≈≈≈≈≈≈≈≈≈≈...
#≈≈≈≈≈≈≈≈≈≈≈≈....
#≈≈≈≈≈≈≈≈≈≈≈.....


You could see a wind drake and a water nymph.

Vanquished Creatures
  Arachne (Spider:3)
  The ghost of salty the Executioner, an adept MiBe of Trog (Shoals:3)
  Polyphemus (Shoals:2)
  A tentacled starspawn (Abyss:1)
  Agnes (Spider:3)
  2 krakens
  Kirke (D:12)
  Aizul (Spider:3)
  6 ghost moths
  2 emperor scorpions
  2 stone giants (Shoals:3)
  An entropy weaver (Spider:2)
  3 spark wasps (Spider:4)
  A merfolk impaler (Shoals:3)
  An ogre mage (D:14)
  Erolcha (D:9)
  2 ice dragons (D:15)
  Harold (Lair:1)
  4 vault guards (D:14)
  Erica (D:10)
  5 hydras
  6 centaur warriors
  3 merfolk avatars
  3 alligator snapping turtles
  3 catoblepae
  A death knight (D:13)
  3 merfolk aquamancers
  A satyr (Shoals:2)
  13 death yaks
  Urug (D:10)
  A sun demon (Abyss:1)
  Nergalle (Lair:1)
  14 skeletal warriors
  A spatial maelstrom (Abyss:1)
  5 sea snakes
  14 hill giants
  4 unseen horrors
  4 harpies (Shoals:1)
  2 orc knights
  17 orb spiders
  A faun (Shoals:1)
  28 wolf spiders
  6 ugly things
  4 cyclopes
  13 manticores
  An orc sorcerer (D:15)
  A moth of wrath (Spider:4)
  7 elephants
  Joseph (D:10)
  Maurice (D:9)
  4 sirens
  4 black mambas
  An apocalypse crab (Abyss:1)
  12 spiny frogs
  4 water nymphs
  A torpor snail (Spider:4)
  2 centaur skeletons
  3 freezing wraiths (D:13)
  3 rime drakes
  An efreet (D:13)
  2 gargoyles
  A kobold demonologist (D:15)
  9 komodo dragons
  A tengu conjurer (D:14)
  4 trolls
  12 demonic crawlers
  The ghost of usscaptain the Destroyer, a novice DECj (D:4)
  16 merfolk
  A silent spectre (Abyss:1)
  4 polar bears (Lair:6)
  25 jumping spiders
  Prince Ribbit (D:5)
  A queen bee (shapeshifter) (D:15)
  A two-headed ogre (shapeshifter) (D:13)
  7 wind drakes
  2 two-headed ogres
  8 hornets
  A harpy skeleton (Abyss:1)
  5 large abominations (Abyss:1)
  A minotaur skeleton (Lab)
  10 snapping turtles
  14 hippogriffs
  4 blink frogs (Lair:2)
  6 dream sheep
  55 redbacks
  11 spriggans (Lair:6)
  11 water elementals
  2 shadows
  A wraith (D:14)
  Sigmund (D:5)
  25 tarantellas
  A wyvern (Lair:6)
  8 basilisks
  A steam dragon (D:11)
  7 hogs
  44 yaks
  2 humans
  3 mottled dragons
  9 vampire mosquitoes
  A chaos spawn (Abyss:1)
  Menkaure (D:4)
  9 hungry ghosts
  A warg (D:15)
  11 water moccasins
  11 porcupines
  2 hell hounds (Lair:1)
  12 orc warriors
  6 black bears
  7 ice beasts
  9 sky beasts
  4 phantoms
  9 ogres
  7 starcursed masses (Abyss:1)
  An eye of draining (D:11)
  3 necrophages
  A sky beast (shapeshifter) (D:15)
  A tengu (shapeshifter) (D:13)
  3 boggarts (Lair:6)
  35 wolves
  9 centaurs
  14 crocodiles
  5 big kobolds
  5 small abominations (Abyss:1)
  3 earth elementals (Lab)
  20 bullfrogs
  2 wyvern zombies
  3 wyvern skeletons
  2 scorpions
  A troll zombie (D:14)
  11 killer bees
  13 wights
  A howler monkey (D:12)
  8 electric eels
  9 crimson imps
  2 bullfrog zombies
  6 centaur zombies
  A quasit (D:13)
  A human zombie (D:14)
  13 hounds
  8 jellies
  4 bullfrog skeletons
  8 orc priests
  2 human skeletons (D:14)
  Ijyb (D:2)
  3 iguanas
  11 orc wizards
  11 worker ants
  6 hell rats (Lair:6)
  An ogre zombie (D:14)
  An ogre skeleton (Lab)
  4 mummies (D:14)
  2 worker ant zombies
  10 adders
  15 gnolls
  A howler monkey skeleton (D:5)
  2 shadow imps
  An ufetubus (Abyss:1)
  5 worms
  3 dart slugs
  4 leopard geckos
  46 orcs
  6 bats
  6 giant cockroaches
  9 goblins
  A hobgoblin (D:1)
  5 quokkas
  6 frilled lizards
  24 kobolds
  An orc zombie (D:14)
  A quokka skeleton (D:9)
  8 rats
  4 plants (Lab)
  8 tentacles
1043 creatures vanquished.

Vanquished Creatures (others)
  3 centaur warriors
  A sea snake (Shoals:1)
  A wizard (D:13)
  2 cyclopes
  A yaktaur (D:14)
  A tarantella (Spider:4)
  A human (D:12)
  A sky beast (D:11)
  3 centaurs
  A big kobold (D:9)
  A white imp (Abyss:1)
  A quokka (D:9)
  2 kobolds (D:11)
  A quokka zombie (D:9)
  8 fungi
  30 plants
  2 starspawn tentacles (Abyss:1)
  24 tentacles
84 creatures vanquished.

Grand Total: 1127 creatures vanquished

Notes
Turn   | Place    | Note
-------+----------+-------------------------------------------
     0 | D:1      | JeffiDaFish the Gargoyle Fighter began the quest for the Orb.
     0 | D:1      | Reached XP level 1. HP: 14/14 MP: 1/1
   135 | D:1      | Reached XP level 2. HP: 16/19 MP: 2/2
   634 | D:2      | Reached skill level 3 in Maces & Flails
   634 | D:2      | Reached XP level 3. HP: 23/23 MP: 3/3
   855 | D:2      | Found a glowing silver altar of Zin.
   855 | D:2      | Found an ancient bone altar of Kikubaaqudgha.
   855 | D:2      | Found a deep blue altar of Sif Muna.
   969 | D:2      | Noticed Ijyb
   978 | D:2      | Killed Ijyb
   978 | D:2      | Reached XP level 4. HP: 29/29 MP: 4/4
  1358 | D:3      | Reached XP level 5. HP: 15/33 MP: 5/5
  1529 | D:3      | Noticed a sky beast
  1576 | D:3      | Killed a sky beast
  1576 | D:3      | Reached skill level 1 in Dodging
  1961 | D:3      | Reached XP level 6. HP: 32/38 MP: 6/6
  2009 | D:3      | Found a snail-covered altar of Cheibriados.
  2010 | D:3      | Found a burning altar of Makhleb.
  2016 | D:3      | Became a worshipper of Makhleb the Destroyer
  2146 | D:3      | Reached skill level 4 in Maces & Flails
  2587 | D:4      | Noticed usscaptain's ghost (novice DECj)
  2597 | D:4      | Killed usscaptain's ghost
  2597 | D:4      | Reached skill level 5 in Shields
  2597 | D:4      | Reached XP level 7. HP: 9/43 MP: 7/7
  2924 | D:4      | Noticed Menkaure
  2932 | D:4      | Killed Menkaure
  3187 | D:4      | Reached skill level 5 in Maces & Flails
  3191 | D:4      | Gained mutation: Your spells are a little harder to cast, but a little more powerful. [potion of beneficial mutation]
  3459 | D:4      | Reached skill level 1 in Stealth
  3769 | D:5      | Entered Level 5 of the Dungeon
  3930 | D:5      | Reached XP level 8. HP: 40/48 MP: 8/8
  4052 | D:5      | Found a deep blue altar of Sif Muna.
  4069 | D:5      | Reached skill level 5 in Armour
  4085 | D:5      | Reached skill level 6 in Maces & Flails
  4095 | D:5      | Reached * piety under Makhleb
  4202 | D:5      | Noticed Prince Ribbit
  4216 | D:5      | Killed Prince Ribbit
  4380 | D:5      | Reached skill level 7 in Maces & Flails
  4550 | D:5      | Noticed Sigmund
  4555 | D:5      | Killed Sigmund
  4555 | D:5      | Reached skill level 5 in Fighting
  4555 | D:5      | Reached XP level 9. HP: 53/54 MP: 9/9
  4828 | D:6      | Reached skill level 8 in Maces & Flails
  4830 | D:6      | Found Unleijups's Armour Emporium.
  4877 | D:6      | Bought a +0 cloak for 58 gold pieces
  4945 | D:6      | Lost mutation: Your spells are a little harder to cast, but a little more powerful. [potion of cure mutation]
  5435 | D:6      | Found Jimiwk's Magic Scroll Emporium.
  5485 | D:6      | Reached ** piety under Makhleb
  5686 | D:6      | Reached skill level 9 in Maces & Flails
  6126 | D:6      | Found a deep blue altar of Sif Muna.
  6504 | D:7      | Reached XP level 10. HP: 61/61 MP: 10/10
  6546 | D:7      | Found a staircase to the Ecumenical Temple.
  6551 | Temple   | Entered the Ecumenical Temple
  6582 | D:7      | Identified the +3 hand axe "Hogoss" {holy, rC+ MR+} (You found it on level 7 of the Dungeon)
  6664 | D:7      | Found Boreres's Jewellery Boutique.
  6987 | D:7      | Reached skill level 10 in Maces & Flails
  7001 | D:7      | Reached *** piety under Makhleb
  7527 | D:8      | Found a staircase to the Lair.
  7603 | D:8      | Found a bloodstained altar of Trog.
  7800 | D:8      | Noticed a cyan ugly thing
  7808 | D:8      | Killed a cyan ugly thing
  7811 | D:8      | Reached skill level 11 in Maces & Flails
  7933 | D:8      | Found a shattered altar of Ashenzari.
  8262 | Lair:1   | Entered Level 1 of the Lair of Beasts
  8286 | Lair:1   | Noticed Harold
  8303 | Lair:1   | Killed Harold
  8303 | Lair:1   | Reached XP level 11. HP: 68/68 MP: 11/11
  8406 | Lair:1   | Noticed Nergalle
  8421 | Lair:1   | Killed Nergalle
  8523 | Lair:1   | Reached skill level 12 in Maces & Flails
  8629 | Lair:1   | Found a dark tunnel.
  8637 | Volcano  | Entered a volcano
  8653 | Volcano  | Noticed a centaur warrior
  8657 | Volcano  | Found a bloodstained altar of Trog.
  8664 | Volcano  | Noticed a hell knight
  8671 | Volcano  | Killed a centaur warrior
  9014 | Lair:1   | Reached **** piety under Makhleb
  9388 | Lair:2   | Reached skill level 10 in Shields
 10009 | Lair:2   | Reached XP level 12. HP: 75/75 MP: 12/12
 10144 | Lair:2   | Found a hole to the Spider Nest.
 10478 | Lair:3   | Reached skill level 13 in Maces & Flails
 10610 | Lair:3   | Found a staircase to the Shoals.
 10946 | Lair:3   | Noticed a death yak
 10946 | Lair:3   | Noticed a death yak
 10947 | Lair:3   | Noticed a death yak
 10957 | Lair:3   | Noticed a death yak
 10958 | Lair:3   | Noticed a death yak
 10973 | Lair:3   | Killed a death yak
 10976 | Lair:3   | Killed a death yak
 10986 | Lair:3   | Killed a death yak
 10998 | Lair:3   | Killed a death yak
 11015 | Lair:3   | Killed a death yak
 11601 | Lair:4   | Noticed a seven-headed hydra
 11614 | Lair:4   | Killed a seven-headed hydra
 11663 | Lair:4   | Gained mutation: Your mind is acute. (Int +2) [potion of mutation]
 11663 | Lair:4   | Gained mutation: Your natural rate of healing is unusually fast. [potion of mutation]
 11663 | Lair:4   | Gained mutation: Your muscles are strong. (Str +2) [potion of mutation]
 11690 | Lair:4   | Reached skill level 10 in Fighting
 11739 | Lair:4   | Reached XP level 13. HP: 82/82 MP: 13/13
 12059 | Lair:4   | Reached skill level 14 in Maces & Flails
 12274 | Lair:5   | Found a staircase to the Slime Pits.
 13045 | Lair:6   | Entered Level 6 of the Lair of Beasts
 13045 | Lair:6   | Found a labyrinth entrance.
 13124 | Lab      | Entered a labyrinth
 13974 | Lab      | Found an exit through the horrors of the Abyss.
 14979 | Lab      | Found an exit through the horrors of the Abyss.
 14985 | Lab      | Took an exit into the Abyss.
 14985 | Abyss:1  | Escaped into the Abyss
 15054 | Abyss:1  | Reached skill level 10 in Armour
 15071 | Abyss:1  | Paralysed by an apocalypse crab for 2 turns
 15101 | Abyss:1  | Noticed a starcursed mass
 15133 | Abyss:1  | Noticed a tentacled starspawn
 15146 | Abyss:1  | Killed a tentacled starspawn
 15181 | Abyss:1  | Reached skill level 15 in Maces & Flails
 15286 | Abyss:1  | Gained mutation: Your large and strong wings let you fly indefinitely. [Gargoyle growth]
 15286 | Abyss:1  | Reached XP level 14. HP: 88/90 MP: 14/14
 15355 | Abyss:1  | Noticed a starcursed mass
 15434 | Lair:6   | Escaped the Abyss
 15713 | Lair:6   | Reached ***** piety under Makhleb
 17194 | D:9      | Found a shimmering altar of Xom.
 17249 | D:9      | Noticed Maurice
 17273 | D:9      | Killed Maurice
 17595 | D:9      | Noticed Erolcha
 17602 | D:9      | Killed Erolcha
 17602 | D:9      | Reached skill level 16 in Maces & Flails
 17799 | D:9      | Reached ****** piety under Makhleb
 17804 | D:10     | Entered Level 10 of the Dungeon
 17804 | D:10     | Noticed Erica
 17813 | D:10     | Killed Erica
 18091 | D:10     | Noticed Joseph
 18105 | D:10     | Killed Joseph
 18135 | D:10     | Noticed Urug
 18149 | D:10     | Killed Urug
 18214 | D:10     | Found a glowing golden altar of the Shining One.
 18215 | D:10     | Found a runed door.
 18215 | D:10     | Noticed an angel
 18568 | D:11     | Reached XP level 15. HP: 97/97 MP: 15/15
 18944 | D:11     | Found a staircase to the Orcish Mines.
 19640 | D:12     | Noticed Kirke
 19667 | D:12     | Killed Kirke
 19913 | D:12     | Found Haucw's Antique Weapon Boutique.
 20588 | D:13     | Found a runed door.
 20783 | D:13     | Reached skill level 15 in Shields
 20801 | D:13     | Found a runed door.
 21242 | D:13     | Reached XP level 16. HP: 104/104 MP: 16/16
 22127 | D:14     | Learned a level 5 spell: Fireball
 22299 | D:14     | Found a basalt altar of Yredelemnul.
 22439 | D:14     | Reached skill level 17 in Maces & Flails
 22543 | D:14     | Reached skill level 1 in Conjurations
 22610 | D:14     | Reached skill level 1 in Fire Magic
 22675 | D:14     | Reached skill level 1 in Spellcasting
 22683 | D:14     | Found a gate to the Vaults.
 22714 | D:15     | Entered Level 15 of the Dungeon
 22715 | D:15     | Found Dinguoq's Jewellery Shop.
 22740 | D:15     | Bought a +4 ring of strength for 405 gold pieces
 23001 | D:15     | Learned a level 7 spell: Orb of Destruction
 23377 | D:15     | Found a staircase to the Depths.
 23852 | Spider:1 | Entered Level 1 of the Spider Nest
 25865 | Spider:3 | Reached XP level 17. HP: 90/112 MP: 20/20
 26003 | Spider:3 | Noticed Agnes
 26034 | Spider:3 | Killed Agnes
 26088 | Spider:3 | Noticed Arachne
 26104 | Spider:3 | Killed Arachne
 26146 | Spider:3 | Noticed Aizul
 26163 | Spider:3 | Killed Aizul
 26433 | Spider:4 | Entered Level 4 of the Spider Nest
 26642 | Spider:4 | Reached skill level 5 in Conjurations
 26695 | Spider:4 | Got a smoking copper ring
 26697 | Spider:4 | Identified the ring of Muaf {rElec rF++ rC++ Int+4} (You found it on level 4 of the Spider Nest)
 27312 | Spider:4 | Reached skill level 15 in Fighting
 27327 | Spider:4 | Identified a scroll of acquirement
 27455 | Spider:4 | Got a gossamer rune of Zot
 27809 | Shoals:1 | Entered Level 1 of the Shoals
 27840 | Shoals:1 | Noticed a kraken
 27919 | Shoals:1 | Killed a kraken
 28008 | Shoals:1 | Reached XP level 18. HP: 119/119 MP: 23/23
 28964 | Shoals:2 | Noticed Polyphemus
 28981 | Shoals:2 | Killed Polyphemus
 29140 | Shoals:2 | Reached skill level 5 in Fire Magic
 29611 | Shoals:3 | Reached skill level 18 in Maces & Flails
 30101 | Shoals:3 | Noticed salty's ghost (adept MiBe)
 30132 | Shoals:3 | Killed salty's ghost
 30614 | Shoals:4 | Entered Level 4 of the Shoals
 30692 | Shoals:4 | Killed from afar by a water nymph

Skill      XL: |  1  2  3  4  5  6  7  8  9 10 11 12 13 14 15 16 17 18 |
---------------+-------------------------------------------------------+-----
Maces & Flails | 3 4 5 7 9 11 12 13 15 16 17 18 | 18.1
Shields        | 4 5 7 8 10 11 12 13 15 16 17 | 17.0
Dodging        | 1 2 3 4 |  4.1
Fighting       | 4 5 6 7 8 10 11 12 13 14 15 | 15.5
Armour         | 4 5 6 7 9 10 11 12 13 | 13.8
Stealth        | 1 2 3 4 |  4.0
Conjurations   | 3 6 8 |  8.3
Fire Magic     | 2 4 5 |  5.5
Spellcasting   | 2 3 4 |  4.5

Action                   |  1- 3 |  4- 6 |  7- 9 | 10-12 | 13-15 | 16-18 || total
-------------------------+-------+-------+-------+-------+-------+-------++-------
Melee: Flail             |   148 |   215 |   172 |       |       |       ||   535
       Morningstar       |       |       |   244 |   702 |  1785 |  1154 ||  3885
       Eveningstar       |       |       |       |       |       |   723 ||   723
 Abil: Fly               |       |       |       |       |     1 |       ||     1
  Use: Potion            |     6 |     2 |     4 |     5 |     1 |    10 ||    28
       Scroll            |     5 |     1 |     2 |    12 |    13 |    15 ||    48
 Stab: Invisible         |       |       |       |     1 |       |       ||     1
       Petrified         |       |       |       |       |     8 |     4 ||    12
       Petrifying        |       |       |       |       |     1 |       ||     1
       Distracted        |       |       |       |       |       |     1 ||     1
  Eat: Chunk             |    13 |     9 |    13 |    18 |    27 |    24 ||   104
       Pizza             |       |       |       |       |     3 |       ||     3
       Meat ration       |       |       |       |       |     1 |     2 ||     3
Armor: Scale mail        |    79 |   135 |   144 |       |       |       ||   358
       Plate armour      |       |       |    97 |   500 |   942 |  1575 ||  3114
Dodge: Dodged            |    46 |    54 |    89 |   168 |   386 |   648 ||  1391
Block: Shield            |    74 |   112 |   219 |   422 |  1065 |  1699 ||  3591
       Reflection        |       |       |       |       |    27 |    52 ||    79
